 Dungeon Crawl Stone Soup version 0.26-b1-32-g5d43845 (webtiles) character file.

Game seed: 18376137856411470459

40 arb the Grave Robber (level 3, -1/26 HPs)
             Began as a Hill Orc Necromancer on Jan 13, 2021.
             Slain by a worm (8 damage)
             ... on level 2 of the Dungeon.
             The game lasted 00:02:41 (2275 turns).

arb the Grave Robber (Hill Orc Necromancer)         Turns: 2275, Time: 00:02:41

Health: -1/26      AC:  5    Str: 11    XL:     3   Next: 50%
Magic:  2/5        EV: 10    Int: 15    God:
Gold:   121        SH:  0    Dex: 11    Spells: 1/5 levels left

rFire    . . .     SeeInvis .   c - +0 hand axe
rCold    . . .     Faith    .   (no shield)
rNeg     . . .     Spirit   .   l - +0 ring mail (curse)
rPois    .         Reflect  .   (no helmet)
rElec    .         Harm     .   (no cloak)
rCorr    .         Rampage  .   (no gloves)
Will     +....                  (no boots)
Stlth    +.........             a - amulet of inaccuracy (curse)
HPRegen  0.08/turn              h - ring of willpower
MPRegen  0.09/turn              (no ring)

@: very slightly contaminated
A: no striking features
a: no special abilities


You were on level 2 of the Dungeon.
You visited 1 branch of the dungeon, and saw 2 of its levels.

You collected 121 gold pieces.

Inventory:

Hand Weapons
 b - a +0 club
 c - a +0 hand axe (weapon)
Armour
 l - a cursed +0 ring mail (worn)
 n - a +0 scale mail
Jewellery
 a - a cursed amulet of inaccuracy (around neck)
 h - a ring of willpower (left hand)
Scrolls
 d - a scroll of identify {unknown}
 e - a scroll of amnesia {unknown}
 f - a scroll of teleportation
 g - a scroll of enchant weapon {unknown}
 i - a scroll of magic mapping {unknown}
 k - a scroll of blinking {unknown}
 m - a scroll of remove curse {unknown}
Potions
 j - a potion of brilliance {unknown}


   Skills:
 * Level 1.6 Axes
 - Level 1.5 Dodging
 - Level 1.5 Stealth
 - Level 1.5 Spellcasting
 - Level 5.0 Necromancy


You had one spell level left.
You knew the following spells:

 Your Spells              Type           Power        Failure   Level
a - Pain                  Necr           64%          8%          1
b - Vampiric Draining     Necr           8%           22%         3

Your spell library contained the following spells:

 Spells                   Type           Power        Failure   Level
 Animate Skeleton         Necr           32%          8%          1
 Animate Dead             Necr           8%           58%         4
 Agony                    Necr           16%          90%         5


Dungeon Overview and Level Annotations

Branches:
Dungeon (2/15)

Altars:


Message History

Confirm with . or Enter, or press ? or * to list all spells.
Aiming: Pain (safe; 8% risk of failure)
Press: ? - help, Shift-Dir - straight line, f/p - worm
Aim: a worm (chance to affect: 81%)
The worm writhes in agony.
Unknown command.
The worm closely misses you.
You hit the worm.
The worm is moderately wounded.
The worm bites you!
You closely miss the worm.
The worm is lightly wounded.
You hit the worm.
The worm is moderately wounded.
The worm bites you!
* * * LOW HITPOINT WARNING * * *
You hit the worm but do no damage.
The worm is moderately wounded.
The worm bites you!
You die...

## ##.## #
####...#.#
+........#
#..@w...#
#.##.#### #.# ##
#.# #+ ####.# ##
... ..##.# #.#
#.# #.##.#
#....##.###.##.#
.....#...##.##.#


You could see a worm.

Vanquished Creatures
  2 leopard geckos
  4 giant cockroaches
  2 goblins
  7 hobgoblins
  3 kobolds
  2 quokkas (D:2)
  3 ball pythons
  4 bats
  5 frilled lizards (D:1)
  A rat (D:1)
33 creatures vanquished.

Notes
Turn   | Place    | Note
-------+----------+-------------------------------------------
     0 | D:1      | arb the Hill Orc Necromancer began the quest for the Orb.
     0 | D:1      | Reached XP level 1. HP: 14/14 MP: 3/3
   356 | D:1      | Reached XP level 2. HP: 8/20 MP: 2/4
  1061 | D:1      | Reached XP level 3. HP: 19/26 MP: 5/5
  1213 | D:1      | Learned a level 3 spell: Vampiric Draining
  1344 | D:1      | Reached skill level 1 in Axes
  2240 | D:2      | Reached skill level 5 in Necromancy
  2275 | D:2      | Slain by a worm

Illustrated notes

Levels and vault maps discovered:
D:1:      amcnicky_arrival_underground_garden, layout_loops_cross,
          amcnicky_mini_corridor_feature, kennysheep_pointless_box
D:2:      layout_loops_corners, nzn_hepliaklqana_mist_gate, minmay_heptomino_w4

Skill      XL: |  1  2  3 |
---------------+----------+-----
Axes           | 1 |  1.6
Necromancy     | 5 |  5.0
Dodging        | |  1.5
Stealth        | |  1.5
Spellcasting   | |  1.5

Action                   || total
-------------------------++-------
Melee: Club              ||     5
       Hand axe          ||    73
 Cast: Pain              ||    38
  Use: Scroll            ||     1
 Stab: Sleeping          ||     1
Armor: Robe              ||    11
       Ring mail         ||     8
Dodge: Dodged            ||    69
